 Dungeon Crawl Stone Soup version 0.21-a0-2-ge494091 (webtiles) character file.

60 nikopol the Skirmisher (level 4, 0/43 HPs)
             Began as a Gargoyle Berserker on May 21, 2017.
             Was a Believer of Trog.
             Slain by a gnoll
             ... wielding a +0 halberd
              (13 damage)
             ... on level 2 of the Dungeon.
             The game lasted 00:02:03 (938 turns).

nikopol the Skirmisher (Gargoyle Berserker)          Turns: 938, Time: 00:02:04

Health: 0/43       AC:  9    Str: 26    XL:     4   Next: 4%
Magic:  4/4        EV: 11    Int:  7    God:    Trog [**....]
Gold:   51         SH:  0    Dex: 10    Spells: 3/3 levels left

rFire    . . .     SeeInvis .   a - +0 hand axe
rCold    . . .     Gourm    .   (no shield)
rNeg     + . .     Faith    .   k - +0 ring mail
rPois    ∞         Spirit   .   (no helmet)
rElec    +         Reflect  .   (no cloak)
rCorr    .         Harm     .   (no gloves)
MR       .....                  (no boots)
Stlth    ..........             (no amulet)
Regen    0.2/turn               (no ring)
MPRegen  0.1/turn               (no ring)

@: berserking, very quick
A: negative energy resistance 1, electricity resistance, unbreathing,
petrification resistance, rot immunity, AC +3
a: Berserk, Trog's Hand, Burn Spellbooks, Renounce Religion


You were on level 2 of the Dungeon.
You worshipped Trog.
Trog was pleased with you.
You were very hungry.

You visited 1 branch of the dungeon, and saw 2 of its levels.

You collected 51 gold pieces.

Inventory:

Hand Weapons
 a - a +0 hand axe (weapon)
Armour
 b - a +0 animal skin
 k - a +0 ring mail (worn)
Scrolls
 i - 2 scrolls of random uselessness {unknown}
 j - a scroll of identify {unknown}
 l - a scroll of blinking {unknown}
Potions
 d - a potion of mutation {unknown}
 e - a potion of curing {unknown}
 h - 3 potions of cancellation {unknown}
 m - a potion of resistance {unknown}
Comestibles
 c - a bread ration
 f - a chunk of flesh
 g - 2 royal jellies


   Skills:
 + Level 4.0 Fighting
 + Level 3.1 Axes
 + Level 2.9 Armour
 + Level 2.1 Dodging


You had 3 spell levels left.
You didn't know any spells.

Dungeon Overview and Level Annotations

Branches:
Dungeon (2/15)

Altars:
Fedhas


Innate Abilities, Weirdness & Mutations

You are resistant to torment.
Your stone body is resilient. (AC +3)
You are immune to poison.
You resist negative energy. (rN+)
You are resistant to electric shocks. (rElec)
You can survive without breathing.
You are immune to petrification.
You are immune to rotting.


Message History

You are too injured to fight recklessly!
You are too injured to fight recklessly!
You are too injured to fight recklessly!
You are too injured to fight recklessly!
You are too injured to fight recklessly!
You are too injured to fight recklessly!
You are too injured to fight recklessly!
You are too injured to fight recklessly!
You are too injured to fight recklessly!
You are too injured to fight recklessly!
You are too injured to fight recklessly!
You are too injured to fight recklessly!
You are too injured to fight recklessly!
A red film seems to cover your vision as you go berserk!
You feel yourself moving faster!
You feel mighty!
You are feeling very hungry.
The gnoll barely misses you.
The gnoll hits you with a flail of crushing.
The gnoll hits you from afar with a halberd!
You die...

## .# #...........≈.
..## ..##.............
....##.##.............
#....(##.............
#....#..............
##....#.#............
#....................
...##....####........
#@g...# ......
#ggg##### .....
......## .... ######
...


You could see 4 gnolls.

Vanquished Creatures
  3 adders (D:2)
  A worm (D:2)
  A dart slug (D:1)
  A leopard gecko (D:1)
  5 bats (D:1)
  A giant cockroach (D:1)
  2 goblins (D:1)
  3 hobgoblins (D:1)
  5 kobolds (D:1)
  A quokka (D:2)
  A ball python (D:1)
  2 frilled lizards
  A rat (D:1)
27 creatures vanquished.

Notes
Turn   | Place    | Note
-------+----------+-------------------------------------------
     0 | D:1      | nikopol the Gargoyle Berserker began the quest for the Orb.
     0 | D:1      | Reached XP level 1. HP: 14/14 MP: 1/1
   138 | D:1      | Reached XP level 2. HP: 19/19 MP: 2/2
   685 | D:1      | Reached XP level 3. HP: 23/24 MP: 3/3
   698 | D:1      | Reached ** piety under Trog
   871 | D:2      | Found a blossoming altar of Fedhas.
   907 | D:2      | Reached skill level 4 in Fighting
   916 | D:2      | Reached XP level 4. HP: 27/29 MP: 4/4
   938 | D:2      | Slain by a gnoll

Vault maps used:
D:1:      dpeg_arrival_more_subterranean_lakeside_camping, feat_on_display
D:2:      minmay_misc_feat_iff, fedhas_altar_2, uniq_natasha

Skill      XL: |  1  2  3 |
---------------+----------+-----
Dodging        | 2 |  2.1
Axes           | 3 |  3.1
Fighting       | 4 |  4.0
Armour         | |  2.9

Action                   |  1- 3 |  4- 6 || total
-------------------------+-------+-------++-------
Melee: Hand axe          |   121 |     6 ||   127
Invok: Berserk           |       |     1 ||     1
Armor: Animal skin       |    18 |       ||    18
       Ring mail         |    29 |     1 ||    30
Dodge: Dodged            |   103 |     4 ||   107
